 Dungeon Crawl Stone Soup version 0.28.0-62-gf88900778d (webtiles) character file.

Game seed: 11958042865001520635

28 cbfl8 the Skirmisher (level 2, 0/24 HPs)
             Began as a Demonspawn Fighter on July 5, 2023.
             Slain by a gnoll
             ... wielding a +0 flail
              (2 damage)
             ... on level 1 of the Dungeon.
             The game lasted 00:00:45 (798 turns).

cbfl8 the Skirmisher (Demonspawn Fighter)            Turns: 798, Time: 00:00:45

Health: 0/24       AC:  7    Str: 16    XL:     2   Next: 96%
Magic:  3/3        EV:  8    Int:  9    God:
Gold:   21         SH:  4    Dex: 12    Spells: 1/1 levels left

rFire   . . .      SeeInvis .   a - +0 war axe
rCold   . . .      Faith    .   c - +0 buckler
rNeg    . . .      Spirit   .   b - +0 scale mail
rPois   .          Reflect  .   (no helmet)
rElec   .          Harm     .   (no cloak)
rCorr   .          Rampage  .   (no gloves)
Will    .....                   e - +0 pair of boots
Stlth   ..........              (no amulet)
HPRegen 0.08/turn               (no ring)
MPRegen 0.08/turn               (no ring)

@: no status effects
A: demonic guardian 1
a: no special abilities


You were on level 1 of the Dungeon.
You visited 1 branch of the dungeon, and saw 2 of its levels.

You collected 21 gold pieces.

Inventory:

Hand Weapons
 a - a +0 war axe (weapon)
Armour
 b - a +0 scale mail (worn)
 c - a +0 buckler (worn)
 e - a +0 pair of boots (worn)
Scrolls
 f - 2 scrolls of torment {unknown}
 g - a scroll of identify {unknown}
 h - a scroll of vulnerability {unknown}
 i - a scroll of teleportation {unknown}
Potions
 d - a potion of might


   Skills:
 + Level 3.1 Fighting
 + Level 2.0 Axes
 * Level 0.5 Throwing
 + Level 2.7 Armour
 + Level 2.9 Shields
 * Level 1.6 Invocations
 * Level 0.7 Evocations


You had one spell level left.
You didn't know any spells.
Your spell library was empty.

Dungeon Overview and Level Annotations

Branches:
Dungeon (2/15)

Altars:


Innate Abilities, Weirdness & Mutations

A weak demonic guardian rushes to your aid.


Message History

A gnoll comes into view. It is wielding a +0 club.
The gnoll shouts!
A gnoll comes into view. It is wielding a +0 flail.
There are monsters nearby!
The gnoll shouts!
There are monsters nearby!
The gnoll hits you with a +0 club.
There are monsters nearby!
You slash the gnoll!
The gnoll is severely wounded.
You block the gnoll's attack.
You barely miss the gnoll.
The gnoll is severely wounded.
The gnoll hits you but does no damage. The gnoll hits you with a +0 club.
You hit the gnoll.
You kill the gnoll!
Your Axes skill increases to level 2!
The gnoll hits you but does no damage.
There is a stone staircase leading up here.
The gnoll misses you.
You climb upwards.
There is a stone staircase leading down here.
You hit the gnoll but do no damage. The gnoll hits you with a +0 flail.
The gnoll hits you with a +0 flail!
* * * LOW HITPOINT WARNING * * *
You hit the gnoll.
The gnoll is lightly wounded.
You block the gnoll's attack.
You hit the gnoll.
The gnoll is moderately wounded.
The gnoll hits you with a +0 flail.
* * * LOW HITPOINT WARNING * * *
A demonic guardian appears!
You block the gnoll's attack.
You closely miss the gnoll.
The gnoll is moderately wounded.
The gnoll hits you but does no damage.
Your iron imp hits the gnoll.
You barely miss the gnoll.
The gnoll is heavily wounded.
The gnoll hits you with a +0 flail.
You die...

.########.####.#.############.###
.#....# #.# #.#.# #...........
.#.##.###.# #.#.# #.#####.####
.#......#.####.#.#####.# #.# #
.####..##.#.........##.# ### #
.......##.##.##..##.##.# #
######.##.##.##..##.##.# #
.....#.##.##.##g.##....# #
.....#.##.....5.@####### #
.....#.#####.##### # .....#.# #.#
# #....#.#####.# #
##'###.......## # ..............#
# ...)..........#
).............####
..........^......#


You could see a gnoll (ally target) and a friendly iron imp (summoned).

Vanquished Creatures
  A gnoll (D:2)
  2 endoplasms (D:1)
  2 hobgoblins (D:1)
  3 kobolds (D:1)
  3 bats
  A frilled lizard (D:2)
  3 goblins (D:1)
  2 rats (D:1)
17 creatures vanquished.

Notes
Turn   | Place    | Note
-------+----------+-------------------------------------------
     0 | D:1      | cbfl8 the Demonspawn Fighter began the quest for the Orb.
     0 | D:1      | Reached XP level 1. HP: 18/18 MP: 1/1
   194 | D:1      | Reached skill level 1 in Invocations
   276 | D:1      | Gained mutation: A weak demonic guardian rushes to your
                  | aid. [demonic ancestry]
   276 | D:1      | Reached XP level 2. HP: 21/24 MP: 2/2
   796 | D:1      | HP: 1/24 [gnoll/+0 flail (5)]
   798 | D:1      | Slain by a gnoll

Illustrated notes

Levels and vault maps discovered:
D:1:      wheals_arrival_shading, layout_basic, minmay_misc_feat_nine_boxes,
          kennysheep_doodads
D:2:      layout_loops_ring, minmay_cupped

Skill      XL: |  1  2 |
---------------+-------+-----
Invocations    | 1 |  1.6
Axes           | 2 |  2.0
Fighting       | |  3.1
Throwing       | |  0.5
Armour         | |  2.7
Shields        | |  2.9
Evocations     | |  0.7

Action                   || total
-------------------------++-------
Melee: War axe           ||    40
Armor: Scale mail        ||    17
Dodge: Dodged            ||    17
Block: Buckler           ||     9
